AoeStats
← Lynchburg

Arabian Desert

510172557Analyzed
1v1 RM · 2d ago on Sep 29, 2026· 29m 8s· 2 players
Game mode
Random Map
Map size
Tiny (2 player)
Population
200
Speed
Normal
Resources
Standard
Victory
Conquest
Starting age
Dark Age
Ending age
Imperial Age
RankedLock teamsTeams togetherTeam positionsShared explorationLock speedFull tech treeHidden civsTurbo modeCheats
Victory
Defeat
🇹🇷 Cumans · Türkiye
994
+13
🇹🇷 Goths · Türkiye
939
-13
Lynchburg
5:02 Loom
7:47 Loom
9:57 Feudal Age
11:07 Double-Bit Axe
23:06 Castle Age
23:09 Crossbowman
25:16 Wheelbarrow
24:29 Town Watch
28:27 Bloodlines
faysaladn
0:33 Loom
10:31 Feudal Age
11:54 Man-at-Arms
20:19 Scale Mail Armor
20:29 Double-Bit Axe
20:26 Horse Collar
24:29 Forging
25:12 Bloodlines
Connection lost

Rejoining the realm…

Still unreachable

The connection could not be restored.

Session expired

The server has moved on; the page needs a fresh start.